 Dungeon Crawl Stone Soup version 0.28.0-43-g3370ac3207 (webtiles) character file.

Game seed: 27807934332460841

4 uselesstheremin the Poker (level 1, 0/30 HPs)
             Began as a Minotaur Berserker on Mar 2, 2022.
             Was a Follower of Trog.
             Slain by a ball python (2 damage)
             ... on level 1 of the Dungeon.
             The game lasted 00:00:47 (62 turns).

uselesstheremin the Poker (Minotaur Berserker)        Turns: 62, Time: 00:00:47

Health: 0/30       AC:  2    Str: 21    XL:     1   Next: 50%
Magic:  0/0        EV:  9    Int:  4    God:    Trog [*.....]
Gold:   0          SH:  0    Dex:  9    Spells: 0/0 levels left

rFire   . . .      SeeInvis .   a - +0 spear
rCold   . . .      Faith    .   (no shield)
rNeg    . . .      Spirit   .   b - +0 animal skin
rPois   .          Reflect  .   (helmet restricted)
rElec   .          Harm     .   (no cloak)
rCorr   .          Rampage  .   (no gloves)
Will    .....                   (no boots)
Stlth   ..........              (no amulet)
HPRegen 0.10/turn               (no ring)
MPRegen 0.07/turn               (no ring)

@: berserking, constricted, very quick
A: horns 2, retaliatory headbutt
a: Renounce Religion, Berserk


You were on level 1 of the Dungeon.
You worshipped Trog.
Trog was aware of your devotion.
You visited 1 branch of the dungeon, and saw 1 of its levels.

Inventory:

Hand Weapons
 a - a +0 spear (weapon)
Armour
 b - a +0 animal skin (worn)


   Skills:
 + Level 3.7 Fighting
 * Level 3.9 Polearms
 + Level 2.4 Armour
 + Level 2.2 Dodging


You couldn't memorise any spells.
You didn't know any spells.
Your spell library was empty.

Dungeon Overview and Level Annotations

Branches:
Dungeon (1/15)

Altars:


Innate Abilities, Weirdness & Mutations

You have a pair of horns on your head.
You reflexively headbutt those who attack you in melee.


Message History

The kobold shouts!
The hobgoblin shouts!
A ball python comes into view.
Found a ring mail.
The ball python hisses angrily.
You hear an angry hiss.
A ball python comes into view.
The bat misses you.
You hit the bat.
You kill the bat!
Trog accepts your kill.
A jackal comes into view.
A giant cockroach comes into view.
The hobgoblin hits you.
You hear a splashing noise.
A rat comes into view.
You see here a bat corpse.
A kobold comes into view. It is wielding a +0 whip.
The hobgoblin hits you.
The kobold shouts!
You hit the hobgoblin but do no damage. The ball python closely misses you.
The ball python misses you. The hobgoblin misses you.
The kobold closely misses you.
You closely miss the ball python. Your headbutt misses the ball python.
The ball python closely misses you. The ball python grabs you.
The ball python constricts you. The hobgoblin hits you.
The kobold hits you with a +2 whip of flaming.
The kobold burns you.
The jackal barks!
You hit the ball python.
You kill the ball python!
Trog accepts your kill. The hobgoblin hits you.
* * * LOW HITPOINT WARNING * * *
The ball python bites you but does no damage.
The ball python grabs you. The ball python constricts you.
* * * LOW HITPOINT WARNING * * *
The giant cockroach bites you but does no damage.
The kobold closely misses you.
A red film seems to cover your vision as you go berserk!
You feel yourself moving faster!
You feel mighty! The ball python bites you.
You die...

...#### ......
P......##......
P≈........[....
≈hP..........#
≈≈K......[...
.≈.......r.#
≈≈P...S.B..#
≈≈.....@g..#
≈≈#+#.K†.#.#...
+...........
##...####....
#....# ## #....#
#.##.#########
#............##
############..##


You could see a jackal, a giant cockroach, a hobgoblin, a ball python, 2 kobolds
and a rat.

Vanquished Creatures
  A ball python (D:1)
  A bat (D:1)
  A hobgoblin (D:1)
3 creatures vanquished.

Notes
Turn   | Place    | Note
-------+----------+-------------------------------------------
     0 | D:1      | uselesstheremin the Minotaur Berserker began the quest for
                  | the Orb.
     0 | D:1      | Reached XP level 1. HP: 19/19 MP: 0/0
    61 | D:1      | HP: 1/20 [constriction (1)]
    62 | D:1      | Slain by a ball python

Illustrated notes

Levels and vault maps discovered:
D:1:      minmay_arrival_solitary_statue, layout_basic,
          chequers_ecumenical_altar_grove, serial_bayou_pond_b,
          minmay_misc_feat_enclosed

Action                   || total
-------------------------++-------
Melee: Spear             ||     5
       Headbutt          ||     1
Invok: Berserk           ||     1
Armor: Animal skin       ||     2
Dodge: Dodged            ||     7
